 Dungeon Crawl Stone Soup version 0.22-a0-252-gcace5d2d35 (webtiles) character file.

12488 Manul the Covert (level 11, -8/126 HPs)
             Began as a Demonspawn Assassin on Mar 1, 2018.
             Was an Initiate of Gozag.
             Mangled by Snorg (14 damage)
             ... on level 11 of the Dungeon.
             The game lasted 00:23:10 (14829 turns).

Manul the Covert (Demonspawn Assassin)             Turns: 14829, Time: 00:23:12

Health: -8/126     AC: 10    Str: 16    XL:     11   Next: 63%
Magic:  11/11      EV: 15    Int: 13    God:    Gozag
Gold:   839        SH:  4    Dex: 20    Spells: 10/10 levels left

rFire    + + .     SeeInvis .   y - +10 morningstar "Eos" {elec, Halo rElec}
rCold    . . .     Gourm    .   (no shield)
rNeg     . . .     Faith    .   C - +0 leather armour {rF+}
rPois    +         Spirit   .   I - +4 hat "Tuteront" {rElec}
rElec    +         Reflect  .   d - +0 cloak
rCorr    .         Harm     .   (no gloves)
MR       .....                  (no boots)
Stlth    ..........             (no amulet)
HPRegen  0.31/turn              (no ring)
MPRegen  0.12/turn              (no ring)

@: berserking, gold aura, glowing, very quick
A: claws 1, talons 2, large bone plates 1, agile 1, fire resistance 1, poison
resistance, shaggy fur 1, subdued magic 1
a: Potion Petition, Call Merchant, Bribe Branch, Renounce Religion


You were on level 11 of the Dungeon.
You worshipped Gozag.
Gozag was pleased with you.
You were not hungry.

You visited 1 branch of the dungeon, and saw 11 of its levels.
You also visited: Bailey.

You collected 2340 gold pieces.
You spent 608 gold pieces at shops.
You paid 893 gold pieces to Gozag.

Inventory:

Hand Weapons
 b - a +0 blowgun
 n - a +2 vampiric hand axe
 w - a +3 dagger of electrocution
 y - the +10 morningstar "Eos" (weapon) {elec, Halo rElec}
   (You found it on level 7 of the Dungeon)

   Occasionally, upon striking a foe, it will discharge some electrical energy
   and cause terrible harm.
   It insulates you from electricity.
 J - the +6 short sword of Dumoet {vamp, rF++}
   (You found it on level 10 of the Dungeon)

   It inflicts no extra harm, but heals its wielder when it wounds a living foe.
   It greatly protects you from fire.
Missiles
 e - 18 poisoned needles
 f - 2 curare-tipped needles
 o - 50 tomahawks of returning (quivered)
 D - 8 needles of sleeping
Armour
 d - a +0 cloak (worn)
 C - a +0 leather armour of fire resistance (worn)
 I - the +4 hat "Tuteront" (worn) {rElec}
   (You bought it in a shop on level 10 of the Dungeon)

   It insulates you from electricity.
Wands
 x - a wand of flame (21)
 A - a wand of paralysis (4)
Scrolls
 h - 2 scrolls of fear
 k - 6 scrolls of remove curse
 m - a scroll of enchant weapon
 q - 2 scrolls of enchant armour
 s - 3 scrolls of identify
 E - a scroll of holy word {unknown}
 H - a scroll of torment
Potions
 a - 2 potions of curing
 c - 3 potions of lignification
 j - a potion of mutation
 l - a potion of haste {unknown}
 p - a potion of might {unknown}
 u - 2 potions of cancellation
 z - a potion of berserk rage
 G - 3 potions of agility
Comestibles
 g - 7 rations


   Skills:
 + Level 7.3 Fighting
 + Level 7.7 Short Blades
 - Level 3.3 Maces & Flails
 - Level 2.2 Throwing
 + Level 5.8 Armour
 + Level 5.2 Dodging
 * Level 12.2 Stealth
 + Level 1.1 Evocations


You had 10 spell levels left.
You didn't know any spells.

Dungeon Overview and Level Annotations

Branches:
Dungeon (11/15)            Temple (0/1) D:6            Lair (0/6) D:9
    Orc (0/2) D:10

Altars:
Cheibriados
Fedhas
Gozag
Hepliaklqana
Kikubaaqudgha
Makhleb
Nemelex Xobeh
Okawaru
Qazlal
Trog
Uskayaw
Vehumet
The Shining One

Shops:
D:9 [   D:10 [

Annotations:
D:11 Snorg


Innate Abilities, Weirdness & Mutations

You have razor-sharp toenails.
You are partially covered in large bone plates. (SH +4)
Your flesh is heat resistant. (rF+)
You have sharp fingernails.
You are agile. (Dex +2)
Your system is resistant to poisons. (rPois)
You are covered in fur. (AC +1)
Your spells are a little easier to cast, but a little less powerful.


Message History

You feel much better.
You feel better.
A red film seems to cover your vision as you go berserk!
You feel yourself moving faster!
You feel mighty! Snorg bites you!
Snorg claws you! x2; Snorg closely misses you.
Snorg barely misses you. Snorg claws you!
* * * LOW HITPOINT WARNING * * *
You sock Snorg! Lightning courses through Snorg!
Snorg is heavily wounded.
Snorg bites you!
* * * LOW HITPOINT WARNING * * *
Snorg claws you!
* * * LOW HITPOINT WARNING * * *
You block Snorg's attack.
You impale Snorg!! You claw Snorg!
Snorg is severely wounded.
Snorg bites you.
* * * LOW HITPOINT WARNING * * *
Snorg claws you!
You die...
Your body crumbles into a pile of gold.

## #.. .. ..
.############### .Y.
........... #T#
#..........
#@###..........
#.....≈.....≈..
######.###..........
....................
######.##..........
#.##########.. #.#
#.# #.#


You could see Snorg (berserk) and a yak.

Vanquished Creatures
  3 two-headed ogres
  The ghost of flinch the Covert, a novice OpEn of Dithmenos (D:10)
  An orc knight (Bailey)
  Joseph (D:9)
  Prince Ribbit (D:6)
  A meliai zombie (D:9)
  2 slime creatures (D:7)
  13 yaks
  A wyvern (D:8)
  A wraith (D:10)
  The ghost of motoroller71 the Ducker, an amateur GnGl (D:3)
  Menkaure (D:7)
  Grum (D:10)
  A phantom (D:7)
  A black bear (D:10)
  6 orc warriors
  6 sky beasts
  2 ice beasts
  3 wolves (D:10)
  6 ogres
  7 centaurs
  2 big kobolds
  6 bullfrogs
  3 scorpions
  9 killer bees
  7 wights
  6 howler monkeys
  3 crimson imps
  2 bullfrog zombies (D:6)
  3 centaur zombies
  A centaur skeleton (D:7)
  2 jellies
  6 orc priests
  5 orc wizards
  5 hounds
  3 iguanas (D:9)
  2 bullfrog skeletons
  8 worker ants
  A hound zombie (D:6)
  4 gnolls (Bailey)
  13 adders
  2 shadow imps (D:5)
  6 worms
  3 dart slugs
  6 leopard geckos
  24 orcs
  7 giant cockroaches
  16 goblins
  12 hobgoblins
  15 jackals
  29 kobolds
  2 quokkas (D:6)
  2 ball pythons
  10 bats
  5 frilled lizards
  A leopard gecko skeleton (D:5)
  5 rats
296 creatures vanquished.

Notes
Turn   | Place    | Note
-------+----------+-------------------------------------------
     0 | D:1      | Manul the Demonspawn Assassin began the quest for the Orb.
     0 | D:1      | Reached XP level 1. HP: 16/16 MP: 1/1
   148 | D:1      | Reached skill level 4 in Stealth
   162 | D:1      | Gained mutation: You are partially covered in large bone plates. (SH +4) [demonic ancestry]
   162 | D:1      | Reached XP level 2. HP: 22/22 MP: 2/2
   336 | D:1      | Reached skill level 1 in Dodging
   830 | D:2      | Gained mutation: You are covered in fur. (AC +1) [potion of mutation]
   830 | D:2      | Gained mutation: You tend to lose your temper in combat. [potion of mutation]
   830 | D:2      | Gained mutation: Your flesh is heat resistant. (rF+) [potion of mutation]
   838 | D:2      | Reached XP level 3. HP: 17/27 MP: 3/3
  1668 | D:2      | Found a faded altar of an unknown god.
  1707 | D:2      | Found a snail-covered altar of Cheibriados.
  1725 | D:2      | Mutation became permanent: Your flesh is heat resistant. (rF+) [demonic ancestry]
  1725 | D:2      | Gained mutation: Your flesh is heat resistant. (rF+) [demonic ancestry]
  1725 | D:2      | Reached XP level 4. HP: 33/33 MP: 4/4
  1850 | D:2      | Found a glowing golden altar of the Shining One.
  2030 | D:2      | Found an opulent altar of Gozag.
  2858 | D:3      | Found an ancient bone altar of Kikubaaqudgha.
  2859 | D:3      | Found a blossoming altar of Fedhas.
  2888 | D:3      | Reached XP level 5. HP: 29/39 MP: 5/5
  3257 | D:3      | Noticed motoroller71's ghost (amateur GnGl)
  3549 | D:3      | Killed motoroller71's ghost
  3549 | D:3      | Reached skill level 5 in Stealth
  3549 | D:3      | Reached XP level 6. HP: 31/46 MP: 6/6
  3778 | D:2      | Found a hazy altar of Hepliaklqana.
  3778 | D:2      | Found a sparkling altar of Nemelex Xobeh.
  3778 | D:2      | Found a hide-covered altar of Uskayaw.
  3787 | D:2      | Became a worshipper of Gozag Ym Sagoz the Greedy
  3987 | D:4      | Reached skill level 1 in Armour
  4338 | D:4      | Lost mutation: You tend to lose your temper in combat. [potion of mutation]
  4338 | D:4      | Gained mutation: You are frail. (-10% HP) [potion of mutation]
  4338 | D:4      | Gained mutation: You evolve. [potion of mutation]
  4489 | D:4      | You fall through a shaft!
  4489 | D:5      | Entered Level 5 of the Dungeon
  4491 | D:5      | Found a bloodstained altar of Trog.
  4523 | D:5      | Noticed a sky beast
  4571 | D:5      | Killed a sky beast
  4571 | D:5      | Gained mutation: You have sharp toenails. [demonic ancestry]
  4571 | D:5      | Reached XP level 7. HP: 32/46 MP: 7/7
  4976 | D:4      | Found a burning altar of Makhleb.
  4983 | D:4      | Reached skill level 6 in Stealth
  5436 | D:6      | Reached XP level 8. HP: 54/54 MP: 8/8
  5576 | D:6      | Reached skill level 7 in Stealth
  5600 | D:6      | Found a staircase to the Ecumenical Temple.
  5844 | D:6      | Found an iron altar of Okawaru.
  5863 | D:6      | Reached skill level 5 in Short Blades
  6496 | D:6      | Reached skill level 8 in Stealth
  6710 | D:5      | Reached XP level 9. HP: 34/59 MP: 9/9
  7270 | D:7      | Found the +10 morningstar "Eos" {elec, Halo rElec}
  7298 | D:6      | Reached skill level 9 in Stealth
  7485 | D:7      | Noticed Menkaure
  7492 | D:7      | Killed Menkaure
  7541 | D:7      | Noticed Prince Ribbit
  7593 | D:6      | Killed Prince Ribbit
  7799 | D:7      | Reached skill level 5 in Fighting
  8232 | D:7      | Reached skill level 1 in Maces & Flails
  8342 | D:7      | Found a radiant altar of Vehumet.
  8484 | D:7      | Gained mutation: Your mind is acute. (Int +2) [evolution]
  8489 | D:7      | Reached skill level 5 in Armour
  8929 | D:8      | Noticed a two-headed ogre
  8935 | D:8      | Found a stormy altar of Qazlal.
  8936 | D:8      | Killed a two-headed ogre
  8936 | D:8      | Reached skill level 10 in Stealth
  8936 | D:8      | Gained mutation: You have razor-sharp toenails. [demonic ancestry]
  8936 | D:8      | Reached XP level 10. HP: 68/68 MP: 10/10
  9464 | D:8      | Noticed a two-headed ogre
  9478 | D:8      | Killed a two-headed ogre
 11431 | D:9      | Found Tosenete's Armour Shop.
 11439 | D:9      | Noticed a two-headed ogre
 11442 | D:9      | Killed a two-headed ogre
 11505 | D:9      | Reached skill level 1 in Evocations
 11700 | D:9      | Noticed Joseph
 11707 | D:9      | Killed Joseph
 11743 | D:9      | Reached skill level 11 in Stealth
 11768 | D:9      | Reached XP level 11. HP: 31/74 MP: 11/11
 12335 | D:9      | Found a blossoming altar of Fedhas.
 12397 | D:9      | Found a staircase to the Lair.
 12487 | D:10     | Entered Level 10 of the Dungeon
 12600 | D:10     | Noticed Grum
 12930 | D:10     | Found a staircase to the Orcish Mines.
 12930 | D:10     | Found Nus Ogru's Armour Shoppe.
 13187 | D:10     | Bought the +4 hat "Tuteront" {rElec} for 608 gold pieces
 13252 | D:10     | Killed Grum
 13620 | D:10     | Noticed flinch's ghost (novice OpEn)
 13639 | D:10     | Killed flinch's ghost
 13639 | D:10     | Reached skill level 5 in Dodging
 14034 | D:10     | Got a jewelled short sword
 14035 | D:10     | Identified the +6 short sword of Dumoet {vamp, rF++} (You found it on level 10 of the Dungeon)
 14329 | D:11     | Found a flagged portal.
 14347 | D:11     | Lost mutation: You are frail. (-10% HP) [potion of mutation]
 14347 | D:11     | Lost mutation: You evolve. [potion of mutation]
 14347 | D:11     | Lost mutation: Your mind is acute. (Int +2) [potion of mutation]
 14347 | D:11     | Gained mutation: You are agile. (Dex +2) [potion of mutation]
 14347 | D:11     | Gained mutation: Your system is resistant to poisons. (rPois) [potion of mutation]
 14347 | D:11     | Gained mutation: Your spells are a little easier to cast, but a little less powerful. [potion of mutation]
 14347 | D:11     | Gained mutation: You have sharp fingernails. [potion of mutation]
 14349 | Bailey   | Entered a bailey
 14370 | Bailey   | Noticed an orc knight
 14524 | Bailey   | Killed an orc knight
 14524 | Bailey   | Reached skill level 12 in Stealth
 14804 | D:11     | Noticed Snorg
 14829 | D:11     | HP: 6/126 [Snorg (2)]
 14829 | D:11     | Mangled by Snorg

Vault maps used:
D:1:      eino_arrival_water_star, minmay_tripent
D:2:      nicolae_overflow_hidden_temple, tso_metal_star,
          chequers_ecumenical_altar_grove, minmay_misc_feat_enclosed
D:3:      grunt_temple_overflow_growth_and_decay, first_ration,
          grunt_ministairs_5, st_stairs_12
D:4:      lightli_temple_of_fire, serial_co_window_serial, co_window_paths_a,
          co_window_of_opportunity_a, co_window_corner_a,
          co_window_of_opportunity_a, co_window_of_opportunity_a,
          co_window_paths_a, co_window_paths_b, co_window_paths_c,
          co_window_corner_ca, co_window_2corner, glass_columns_b,
          glass_columns_c, glass_columns_c, glass_columns_c, glass_columns_a
D:5:      kennysheep_little_box, cheibrodos_sewer_entry_bend
D:6:      nicolae_overflow_crystal_walls, minmay_temple_entry_nine_rooms
D:7:      vehumet_crystals, grunt_ogre_cave, uniq_prince_ribbit1, uniq_menkaure
D:8:      marbit_many_paths
D:9:      dpeg_oklobed_lair, serial_shops, shop, basic_altar, uniq_joseph
D:10:     orc_0_dummy, serial_shops, shop, uniq_grum
D:11:     enter_bailey_3, grunt_gozag_statues, uniq_snorg
Bailey:   bailey_axe_1, bailey

Skill      XL: |  1  2  3  4  5  6  7  8  9 10 11 |
---------------+----------------------------------+-----
Stealth        | 4 5 6 8 10 11 12 | 12.2
Dodging        | 1 2 3 4 5 |  5.2
Short Blades   | 2 3 4 5 6 7 |  7.7
Throwing       | 2 |  2.2
Armour         | 1 3 5 |  5.8
Fighting       | 3 4 5 6 7 |  7.3
Maces & Flails | 2 3 |  3.3
Evocations     | 1 |  1.1

Action                   |  1- 3 |  4- 6 |  7- 9 | 10-12 || total
-------------------------+-------+-------+-------+-------++-------
Melee: Dagger            |   116 |   243 |   272 |   324 ||   955
       Kick              |       |       |    72 |   128 ||   200
       Morningstar       |       |       |    15 |    85 ||   100
       Short sword       |       |       |       |    13 ||    13
 Fire: Blowgun           |       |     3 |    14 |     2 ||    19
Invok: Potion Petition   |       |     1 |     1 |     1 ||     3
Evoke: Wand              |       |       |     1 |     5 ||     6
  Use: Potion            |     2 |     2 |     3 |     3 ||    10
       Scroll            |       |     8 |     3 |    14 ||    25
 Stab: Sleeping          |     9 |    14 |    23 |    14 ||    60
       Distracted        |       |       |     3 |     8 ||    11
       Paralysed         |       |       |       |     2 ||     2
  Eat: Ration            |     1 |     1 |     4 |     7 ||    13
       Chunk             |       |     6 |       |       ||     6
Armor: Robe              |    28 |    26 |       |       ||    54
       Leather armour    |       |    15 |    15 |    56 ||    86
       Ring mail         |       |       |    25 |     5 ||    30
Dodge: Dodged            |    59 |   107 |   119 |   246 ||   531
Block: Other             |    20 |    32 |    42 |    68 ||   162

Table legend:
 A = Spawn XP
 B = Non-spawn XP
 C = Spawn XP percentage of total XP
 D = Spawn monster count
 E = Non-spawn monster count
 F = Spawn count percentage of total count
 G = Total turns spent on level
                    A         B        C        D         E        F      G
               +---------+---------+-------+---------+---------+-------+---------
         Total |       0 |   17840 |   0.0 |       0 |     296 |   0.0 | 14829
               +---------+---------+-------+---------+---------+-------+---------
           D:1 |       0 |      25 |   0.0 |       0 |      15 |   0.0 |  1294
           D:2 |       0 |     115 |   0.0 |       0 |      21 |   0.0 |  1291
           D:3 |       0 |     301 |   0.0 |       0 |      33 |   0.0 |  1342
           D:4 |       0 |     254 |   0.0 |       0 |      13 |   0.0 |   863
           D:5 |       0 |    1251 |   0.0 |       0 |      26 |   0.0 |   895
           D:6 |       0 |    1884 |   0.0 |       0 |      38 |   0.0 |  1985
           D:7 |       0 |    2285 |   0.0 |       0 |      27 |   0.0 |  2141
           D:8 |       0 |    2502 |   0.0 |       0 |      16 |   0.0 |  1932
           D:9 |       0 |    3874 |   0.0 |       0 |      41 |   0.0 |   809
          D:10 |       0 |    3100 |   0.0 |       0 |      24 |   0.0 |  1756
          D:11 |       0 |    1099 |   0.0 |       0 |      10 |   0.0 |   113
        Bailey |       0 |    1150 |   0.0 |       0 |      32 |   0.0 |   408
               +---------+---------+-------+---------+---------+-------+---------
